 Dungeon Crawl Stone Soup version 0.21.0-3-g78d12a8bdd (webtiles) character file.

104 Rauder the Ruffian (level 4, -8/40 HPs)
             Began as a Naga Transmuter on Jan 17, 2018.
             Mangled by a deep elf archer
             ... wielding a +0 dagger of protection
             ... summoned by a worldbinder
              (16 damage)
             ... on level 2 of the Abyss.
             The game lasted 00:24:38 (2354 turns).

Rauder the Ruffian (Naga Transmuter)                Turns: 2354, Time: 00:24:38

Health: -8/40      AC:  5    Str: 13    XL:     4   Next: 80%
Magic:  7/7        EV:  9    Int: 13    God:
Gold:   164        SH:  0    Dex: 12    Spells: 4/7 levels left

rFire    . . .     SeeInvis +     - Unarmed
rCold    + . .     Gourm    .   (no shield)
rNeg     . . .     Faith    .   i - +2 ring mail {rPois}
rPois    +         Spirit   .   (no helmet)
rElec    .         Reflect  .   (no cloak)
rCorr    .         Harm     .   (no gloves)
MR       +....                  (no barding)
Stlth    +.........             (no amulet)
HPRegen  0.13/turn              h - ring of protection from magic
MPRegen  0.10/turn              m - ring of protection from cold

@: very slow
A: large, see invisible, deformed body, poison resistance, slowness 2, slow
metabolism 1, spit poison 1, AC +1
a: Spit Poison


You were on level 2 of the Abyss.
You were not hungry.

You visited 1 branch of the dungeon, and saw 3 of its levels.
You visited the Abyss 1 time.

You collected 164 gold pieces.

Inventory:

Hand Weapons
 b - a +0 blowgun
Missiles
 a - 50 arrows
 t - 21 poisoned needles
Armour
 i - a +2 ring mail of poison resistance (worn)
 k - a +0 leather armour
Jewellery
 h - a ring of protection from magic (left hand)
 m - a ring of protection from cold (right hand)
Wands
 g - a wand of polymorph (6)
Scrolls
 f - a scroll of amnesia
 j - a scroll of fog
 n - a scroll of enchant weapon
 o - a scroll of identify
 s - a scroll of remove curse
Potions
 e - a potion of brilliance
 q - 2 potions of mutation
 r - a potion of curing
 u - a potion of flight
Books
 c - a book of Changes

   Spells                             Type                      Level
   a - Beastly Appendage              Transmutation                1
   b - Sticks to Snakes               Transmutation                2
   c - Spider Form                    Transmutation/Poison         3
   d - Ice Form                       Ice/Transmutation            4
   e - Blade Hands                    Transmutation                5
Comestibles
 d - 6 rations
 p - 3 chunks of flesh


   Skills:
 * Level 2.4 Fighting
 + Level 0.4 Armour
 + Level 1.9 Dodging
 + Level 2.1 Stealth
 * Level 3.6 Unarmed Combat
 + Level 2.4 Spellcasting
 + Level 2.3 Transmutations


You had 4 spell levels left.
You knew the following spells:

 Your Spells              Type           Power        Failure   Level  Hunger
a - Beastly Appendage     Tmut           #.....       21%         1    #......
b - Sticks to Snakes      Tmut           #.......     30%         2    ###....


Dungeon Overview and Level Annotations

Branches:
Dungeon (3/15)

Altars:

Annotations:
D:3 Crazy Yiuf


Innate Abilities, Weirdness & Mutations

You cannot wear boots.
Your serpentine skin is tough. (AC +1)
You have supernaturally acute eyesight. (SInv)
Armour fits poorly on your strangely shaped body.
Your system is resistant to poisons. (rPois)
You cover ground very slowly.
You have a slow metabolism.
You can spit poison.


Message History

You hit the worldbinder but do no damage.
The worldbinder hits you! The worldbinder hits you.
You completely miss the worldbinder. The worldbinder hits you.
* * * LOW HITPOINT WARNING * * *
The worldbinder hits you but does no damage.
The worldbinder calls forth creatures from the Elven Halls!
You hit the worldbinder but do no damage.
The worldbinder closely misses you.
The worldbinder hits you but does no damage.
You hit the worldbinder but do no damage.
The deep elf archer closely misses you. The worldbinder barely misses you.
The worldbinder hits you but does no damage.
You hit the worldbinder but do no damage.
The worldbinder barely misses you. The worldbinder hits you.
* * * LOW HITPOINT WARNING * * *
The deep elf archer hits you but does no damage.
The worldbinder calls forth creatures from the Elven Halls!
You hit the worldbinder but do no damage.
The deep elf archer hits you with an uncursed dagger of protection!
You die...

.
##.
..#
..#
..
'#
♣♣e♣
♣@♣
♣x♣
e♣♣
♣♣


You could see a deep elf archer, a deep elf knight and a worldbinder.

Vanquished Creatures
  Ijyb (D:3)
  An adder (D:2)
  2 worms (D:2)
  4 dart slugs
  A leopard gecko (D:3)
  4 orcs
  8 bats
  7 goblins
  4 hobgoblins
  2 jackals (D:3)
  8 kobolds
  A quokka (D:2)
  2 frilled lizards (D:1)
  4 rats
49 creatures vanquished.

Notes
Turn   | Place    | Note
-------+----------+-------------------------------------------
     0 | D:1      | Rauder the Naga Transmuter began the quest for the Orb.
     0 | D:1      | Reached XP level 1. HP: 18/18 MP: 3/3
   184 | D:1      | Reached XP level 2. HP: 20/25 MP: 5/5
   656 | D:2      | Reached skill level 1 in Stealth
   683 | D:2      | Reached XP level 3. HP: 13/32 MP: 6/6
  1401 | D:2      | Reached XP level 4. HP: 39/39 MP: 7/7
  1595 | D:3      | Noticed Ijyb
  1633 | D:3      | Killed Ijyb
  1661 | D:3      | Learned a level 2 spell: Sticks to Snakes
  2221 | D:3      | Found a runed door.
  2225 | D:3      | Noticed Crazy Yiuf
  2264 | D:3      | Cast into level 2 of the Abyss (Crazy Yiuf)
  2348 | Abyss:2  | Noticed a worldbinder
  2351 | Abyss:2  | Noticed a deep elf knight
  2351 | Abyss:2  | Noticed a deep elf archer
  2354 | Abyss:2  | Mangled by a deep elf archer

Skill      XL: |  1  2  3  4 |
---------------+-------------+-----
Stealth        | 1 2 |  2.1
Fighting       | 2 |  2.4
Armour         | |  0.4
Dodging        | |  1.9
Unarmed Combat | |  3.6
Spellcasting   | |  2.4
Transmutations | |  2.3

Action                   |  1- 3 |  4- 6 || total
-------------------------+-------+-------++-------
Melee: Unarmed           |   145 |    76 ||   221
       Headbutt          |       |     1 ||     1
       Punch             |       |     1 ||     1
 Cast: Beastly Appendage |     1 |     4 ||     5
       Sticks to Snakes  |       |     2 ||     2
 Abil: Spit Poison       |    15 |    14 ||    29
  Use: Scroll            |       |     9 ||     9
       Potion            |       |     3 ||     3
 Stab: Sleeping          |     1 |       ||     1
       Confused          |       |     2 ||     2
  Eat: Chunk             |     2 |     3 ||     5
Armor: Robe              |     2 |       ||     2
       Ring mail         |    39 |     4 ||    43
       Leather armour    |     9 |     4 ||    13
       Skin              |       |    20 ||    20
Dodge: Dodged            |    78 |    20 ||    98
